 Dungeon Crawl Stone Soup version 0.23.1-38-g628c18f423 (webtiles) character file.

Game seed: 9918182987111528732

196 PentaManta the Vandal (level 6, -4/42 HPs)
             Began as a Halfling Hunter on Mar 29, 2019.
             Was an Initiate of Okawaru.
             Slain by Grinder (6 damage)
             ... while paralysed by Grinder
             ... on level 3 of the Dungeon.
             The game lasted 00:05:47 (1735 turns).

PentaManta the Vandal (Halfling Hunter)             Turns: 1735, Time: 00:05:47

Health: -4/42      AC:  4    Str: 15    XL:     6   Next: 4%
Magic:  6/6        EV:  3    Int:  9    God:    Okawaru [......]
Gold:   152        SH:  0    Dex: 15    Spells: 5/5 levels left

rFire    . . .     SeeInvis .   a - +2 hunting sling
rCold    . . .     Gourm    .   (shield restricted)
rNeg     . . .     Faith    .   c - +1 leather armour
rPois    .         Spirit   .   (no helmet)
rElec    .         Reflect  .   (no cloak)
rCorr    .         Harm     .   (no gloves)
MR       .....                  (no boots)
Stlth    +++.......             (no amulet)
HPRegen  0.14/turn              j - ring of stealth
MPRegen  0.10/turn              (no ring)

@: paralysed
A: small, mutation resistance 1
a: Renounce Religion


You were on level 3 of the Dungeon.
You worshipped Okawaru.
Okawaru was noncommittal.
You were very hungry.

You visited 1 branch of the dungeon, and saw 3 of its levels.

You collected 152 gold pieces.

Inventory:

Hand Weapons
 a - a +2 hunting sling (weapon)
 b - a +0 short sword
Missiles
 g - 23 stones (quivered)
Armour
 c - a +1 leather armour (worn)
Jewellery
 j - a ring of stealth (left hand)
Scrolls
 e - a scroll of blinking
 h - a scroll of fog
 m - a scroll of remove curse
 r - a scroll of teleportation
 s - a scroll of magic mapping {unknown}
 u - a scroll of amnesia
Potions
 d - a potion of mutation {unknown}
 i - a potion of flight
 l - 2 potions of heal wounds
 n - a potion of magic
 o - a potion of might
 p - a potion of degeneration {unknown}
 q - a potion of brilliance {unknown}
 t - a potion of lignification {unknown}
Comestibles
 f - 3 rations


   Skills:
 + Level 3.3 Fighting
 + Level 7.4 Slings
 + Level 4.0 Dodging
 - Level 1.1 Stealth


You had 5 spell levels left.
You didn't know any spells.
Your spell library was empty.

Dungeon Overview and Level Annotations

Branches:
Dungeon (3/15)

Altars:
Okawaru

Annotations:
D:3 1 runed translucent door, Crazy Yiuf, Grinder


Innate Abilities, Weirdness & Mutations

You are small and have problems with some larger weapons.
You are somewhat resistant to further mutation.


Message History

Aim: Grinder (almost dead)
You shoot a stone.
The stone hits Grinder but does no damage.
Grinder is almost dead.
Firing (i - inventory)
g - 25 stones (quivered)
Press: ? - help, Shift-Dir - straight line, f/p - Grinder
Aim: Grinder (almost dead)
You shoot a stone. The stone closely misses Grinder.
Grinder gestures at you. Pain shoots through your body!
* * * LOW HITPOINT WARNING * * *
Firing (i - inventory)
g - 24 stones (quivered)
Press: ? - help, Shift-Dir - straight line, f/p - Grinder
Aim: Grinder (almost dead)
You shoot a stone. The stone closely misses Grinder.
Grinder gestures at you.
You suddenly lose the ability to move!
Grinder hits you but does no damage. Grinder hits you.
You die...

..#.####.(......#
..#.##.....)....#
..#.##.........##
.....').......>#
....##........(#
##.###........(###
##.# ####......((#
...# ##..####(#
...# #..# #@#
...##
#..#<...5...#
##..#
#..#........# ##.#
#..+........+ #.##
#.##(......(# #..#
#.##.(.(....#
##.##
#.##(.......# ##
#..# #.###########
.####.#


You could see Grinder.

Vanquished Creatures
  Jessica (D:2)
  Natasha (thrice) (D:3)
  2 adders (D:3)
  An ooze (D:3)
  2 worms (D:2)
  4 dart slugs
  3 orcs (D:3)
  12 bats
  4 giant cockroaches
  6 goblins
  8 hobgoblins
  2 jackals (D:1)
  3 frilled lizards
  5 kobolds
  5 rats
61 creatures vanquished.

Notes
Turn   | Place    | Note
-------+----------+-------------------------------------------
     0 | D:1      | PentaManta the Halfling Hunter began the quest for the Orb.
     0 | D:1      | Reached XP level 1. HP: 14/14 MP: 1/1
    56 | D:1      | Reached skill level 6 in Slings
    79 | D:1      | Reached XP level 2. HP: 19/19 MP: 2/2
   246 | D:1      | Reached XP level 3. HP: 24/24 MP: 3/3
   498 | D:2      | Found an iron altar of Okawaru.
   538 | D:2      | Noticed Jessica
   543 | D:2      | Killed Jessica
   543 | D:2      | Reached XP level 4. HP: 23/30 MP: 4/4
  1157 | D:3      | Noticed Natasha
  1159 | D:3      | Killed Natasha
  1159 | D:3      | Reached XP level 5. HP: 36/36 MP: 5/5
  1170 | D:3      | Reached skill level 7 in Slings
  1180 | D:3      | Noticed Natasha
  1186 | D:3      | Killed Natasha
  1310 | D:3      | Noticed Natasha
  1314 | D:3      | Killed Natasha
  1394 | D:2      | Became a worshipper of Warmaster Okawaru
  1532 | D:3      | Reached XP level 6. HP: 40/42 MP: 6/6
  1607 | D:3      | Found a runed translucent door.
  1608 | D:3      | Noticed Crazy Yiuf
  1701 | D:3      | Noticed Grinder
  1714 | D:3      | Paralysed by Grinder for 5 turns
  1732 | D:3      | HP: 1/42 [Grinder/nerve-wracking pain (8)]
  1733 | D:3      | Paralysed by Grinder for 5 turns
  1735 | D:3      | Slain by Grinder

Skill      XL: |  1  2  3  4  5 |
---------------+----------------+-----
Fighting       | 2 3 |  3.3
Slings         | 6 7 |  7.4
Dodging        | 3 4 |  4.0
Stealth        | |  1.1

Action                   |  1- 3 |  4- 6 || total
-------------------------+-------+-------++-------
 Fire: Hunting sling     |    56 |    98 ||   154
  Use: Scroll            |       |     9 ||     9
       Potion            |       |     5 ||     5
  Eat: Chunk             |       |     1 ||     1
Armor: Leather armour    |     3 |     2 ||     5
Dodge: Dodged            |     8 |    14 ||    22
